 Dungeon Crawl Stone Soup version 0.31-a0-426-g3a05650e59 (webtiles) character file.

Game seed: 331614011020717478

47 HoaS the Cudgeller (level 3, -9/36 HPs)
             Began as an Ogre Gladiator on July 30, 2023.
             Killed from afar by an orc wizard (11 damage)
             ... with a puff of flame
             ... on level 3 of the Dungeon.
             The game lasted 00:05:38 (2003 turns).

HoaS the Cudgeller (Ogre Gladiator)                 Turns: 2003, Time: 00:05:40

Health: -9/36      AC:  3    Str: 18    XL:     3   Next: 70%
Magic:  3/3        EV: 11    Int:  9    God:
Gold:   766        SH:  0    Dex: 18    Spells: 2/2 levels left

rFire   . . .        a - +0 flail
rCold   . . .        (no shield)
rNeg    + . .        k - +0 robe {rN+}
rPois   .            c - +0 hat
rElec   .            (no cloak)
rCorr   .            (gloves unavailable)
SInv    .            (boots unavailable)
Will    .....        (no amulet)
Stlth   ++           o - +6 ring of dexterity
HPRegen 0.26/turn    (no ring)
MPRegen 0.08/turn

%: no passive effects
@: no status effects
A: large, unfitting armour, tough skin 1
a: no special abilities


You were on level 3 of the Dungeon.
You visited 1 branch of the dungeon, and saw 3 of its levels.

You collected 766 gold pieces.

Inventory:

Hand Weapons
 a - a +0 flail (weapon)
Missiles
 d - 3 throwing nets
 e - a large rock
 g - 2 boomerangs (quivered)
Armour
 c - a +0 hat (worn)
 k - a +0 robe of positive energy (worn)
Jewellery
 o - a +6 ring of dexterity (left hand)
Wands
 q - a wand of flame (18)
Scrolls
 f - a scroll of teleportation
 p - a scroll of noise {unknown}
Potions
 b - 2 potions of invisibility
 h - 2 potions of mutation
 i - a potion of haste {unknown}
 j - a potion of enlightenment {unknown}
 l - a potion of brilliance {unknown}
 m - 2 potions of lignification
 n - a potion of might {unknown}


   Skills:
 - Level 2.6 Fighting
 + Level 4.1 Maces & Flails
 - Level 2.0 Throwing
 - Level 2.6 Dodging


You had 2 spell levels left.
You didn't know any spells.
Your spell library contained the following spells:

 Spells                   Type           Power      Damage    Failure   Level
 Summon Guardian Golem    Hex/Summ       0%         N/A       77%         3
 Orb of Destruction       Conj           0%         9d5       100%        7
 Spellforged Servitor     Conj/Summ      0%         N/A       100%        7


Dungeon Overview and Level Annotations

Branches:
Dungeon (3/15)

Altars:


Innate Abilities, Weirdness & Mutations

You are too large for most types of armour.
You have tough skin. (AC +1)


Message History

You barely miss the orc wizard.
The orc wizard hits you with a +0 dagger. x2
You hit the orc wizard but do no damage.
The orc wizard hits you with a +0 dagger.
You hit the orc wizard.
The orc wizard is heavily wounded.
The orc wizard barely misses you.
You closely miss the orc wizard.
The orc wizard is moderately wounded.
The orc wizard hits you with a +0 dagger.
You miss the orc wizard.
The orc wizard is moderately wounded.
The orc wizard hits you with a +0 dagger.
You hit the orc wizard.
The orc wizard is heavily wounded.
The orc wizard hits you with a +0 dagger.
The orc wizard casts a spell at you. You resist with some effort.
You barely miss the orc wizard.
The orc wizard is heavily wounded.
The orc wizard hits you but does no damage.
You barely miss the orc wizard.
The orc wizard is heavily wounded.
The orc wizard gestures at you while chanting.
The puff of flame hits you!
* * * LOW HITPOINT WARNING * * *
You closely miss the orc wizard.
The orc wizard is heavily wounded.
The orc wizard closely misses you.
You barely miss the orc wizard.
The orc wizard is heavily wounded.
The orc wizard closely misses you.
You hit the orc wizard.
The orc wizard is severely wounded.
The orc wizard points at you and mumbles some strange words.
The puff of flame hits you!
* * * LOW HITPOINT WARNING * * *
The orc wizard casts a spell at you. The puff of flame hits you!
You die...

+◎...... ##....... ...
......... #.. ######....# #...
#....#....# ##...
####....#....# .....#
#.......#....#
#...############.......#....#
#.........o@..'.......'....'
.....##.##########.......#....#
#.# #.# #.......#....# #..
#.......#....# ....
#.......#....# .....
#.......#....# .......
#...########## .....o.. #...# #
#...?..... #...# #


You could see an orc wizard.

Vanquished Creatures
  An adder (D:2)
  A worm (D:2)
  3 ball pythons
  4 bats
  3 endoplasms (D:2)
  A giant cockroach (D:3)
  3 goblins
  5 hobgoblins
  A quokka (D:1)
  3 frilled lizards
  6 kobolds
  3 rats
34 creatures vanquished.

Notes
Turn   | Place    | Note
-------+----------+-------------------------------------------
     0 | D:1      | HoaS the Ogre Gladiator began the quest for the Orb.
     0 | D:1      | Reached XP level 1. HP: 22/22 MP: 1/1
   213 | D:1      | Reached skill level 3 in Maces & Flails
   357 | D:1      | Reached XP level 2. HP: 29/29 MP: 2/2
  1201 | D:2      | Identified a scroll of acquirement
  1201 | D:2      | Acquired 604 gold pieces
  1329 | D:2      | Reached XP level 3. HP: 28/35 MP: 3/3
  1376 | D:2      | Reached skill level 4 in Maces & Flails
  2003 | D:3      | Killed from afar by an orc wizard

Illustrated notes

Levels and vault maps discovered:
D:1:      giann_forest_graveyard, layout_basic
D:2:      layout_basic
D:3:      layout_basic, nicolae_vehumet_altar_sigil,
          hangedman_abyss_or_decor_lesser_grid, grunt_ministairs_14,
          minivault_24

Skill      XL: |  1  2  3 |
---------------+----------+-----
Maces & Flails | 3 4 |  4.1
Fighting       | |  2.6
Throwing       | |  2.0
Dodging        | |  2.6

Action                     || total
---------------------------++-------
  Melee: Flail             ||   108
         Punch             ||     1
    Use: Scroll            ||     8
   Stab: Sleeping          ||     2
 Armour: Robe              ||    37
  Dodge: Dodged            ||    70

Table legend: (Time is in decaauts)
 A = Elapsed time spent in this place.
 B = Non-inter-level travel time spent in this place.
 C = Inter-level travel time spent in this place.
 D = Time resting spent in this place.
 E = Time spent auto-exploring this place.
 F = Levels seen in this place.
 G = Mean time per level.
                   A        B        C        D        E       F      G
               +--------+--------+--------+--------+--------+-----+--------+
         Total |   2026 |   1965 |     61 |    160 |   1496 |   3 |  675.3 |
       Dungeon |   2026 |   1965 |     61 |    160 |   1496 |   3 |  675.3 |
               +--------+--------+--------+--------+--------+-----+--------+

Top non-repeatable levels by time:
     D:1: 1161 daAuts
     D:2: 716 daAuts
     D:3: 148 daAuts
